 Dungeon Crawl Stone Soup version 0.30.1-4-g462c640d31 (webtiles) character file.

Game seed: 2185538669788658751

312 wingedge the Digger (level 5, -2/40 HPs)
             Began as a Demigod Earth Elementalist on Sept 18, 2023.
             Slain by a kobold
             ... wielding a +0 club
              (4 damage)
             ... on level 3 of the Dungeon.
             The game lasted 00:08:05 (3036 turns).

wingedge the Digger (Demigod Earth Elementalist)    Turns: 3036, Time: 00:08:05

Health: -2/40      AC:  3    Str:  9    XL:     5   Next: 97%
Magic:  3/20       EV: 12    Int: 21    God:
Gold:   193        SH:  0    Dex: 14    Spells: 4/8 levels left

rFire   . . .        a - +1 spear (venom)
rCold   . . .        (no shield)
rNeg    . . .        c - +1 robe
rPois   .            (no helmet)
rElec   .            (no cloak)
rCorr   .            (no gloves)
SInv    .            (no boots)
Will    .....        (no amulet)
Stlth   ++           o - +4 ring of slaying
HPRegen 0.26/turn    k - ring of magical power
MPRegen 0.17/turn

%: no passive effects
@: no status effects
A: high MP 1, forlorn, divine attributes
a: no special abilities


You were on level 3 of the Dungeon.
You visited 1 branch of the dungeon, and saw 3 of its levels.

You collected 193 gold pieces.

Inventory:

Hand Weapons
 a - a +1 spear of venom (weapon)
 b - a +0 war axe
Missiles
 d - 2 javelins
 n - 10 poisoned darts
Armour
 c - a +1 robe (worn)
Jewellery
 k - a ring of magical power (right hand)
 o - a +4 ring of slaying (left hand)
Scrolls
 e - 2 scrolls of immolation
 l - 2 scrolls of identify
 s - a scroll of vulnerability {unknown}
Potions
 f - a potion of brilliance {unknown}
 g - a potion of might {unknown}
 h - a potion of lignification {unknown}
 i - a potion of haste {unknown}
 j - 3 potions of heal wounds {unknown}
 m - a potion of degeneration {unknown}
 p - 4 potions of curing {unknown}
 r - 3 potions of magic


   Skills:
 + Level 1.2 Fighting
 - Level 2.0 Dodging
 - Level 2.0 Stealth
 - Level 2.1 Spellcasting
 + Level 4.0 Conjurations
 - Level 0.8 Transmutations
 + Level 4.0 Earth Magic


You had 4 spell levels left.
You knew the following spells:

 Your Spells              Type           Power      Damage    Failure   Level
a - Sandblast             Erth           38%        2d10      2%          1
b - Stone Arrow           Conj/Erth      38%        3d9       9%          3

Your spell library contained the following spells:

 Spells                   Type           Power      Damage    Failure   Level
 Passwall                 Tmut/Erth      10%        N/A       9%          2
 Apportation              Tloc           4%         N/A       14%         1
 Necrotise                Necr           8%         1d4       14%         1
 Summon Small Mammal      Summ           8%         N/A       14%         1
 Ensorcelled Hibernation  Hex/Ice        4%         N/A       22%         2
 Summon Guardian Golem    Hex/Summ       2%         N/A       41%         3
 Swiftness                Air            2%         N/A       41%         3
 Vampiric Draining        Necr           2%         2d6       41%         3
 Petrify                  Tmut/Erth      12%        N/A       47%         4
 Agony                    Necr           2%         N/A       99%         5
 Orb of Destruction       Conj           9%         9d6       100%        7
 Spellforged Servitor     Conj/Summ      5%         N/A       100%        7


Dungeon Overview and Level Annotations

Branches:
Dungeon (3/15)

Shops:
D:1 :   D:2 =

Annotations:
D:3 1 runed translucent door, safid's ghost, weakling MfIE


Innate Abilities, Weirdness & Mutations

You have an increased reservoir of magic. (+10% MP)
You shall have no god before yourself.
Your divine heritage dramatically boosts your attributes as you level up.


Message History

The kobold barely misses you.
Reach: a) +1 spear (venom)
Press: ? - help, Dir - move target, f/p - gnoll
Aim: a gnoll, wielding a +0 spear (almost dead, about 31% to evade your +1 spear of venom)
The gnoll is in the way.
You hit the gnoll.
The gnoll is poisoned.
The gnoll is moderately wounded.
The gnoll closely misses you. x2; The kobold hits you with a +0 club.
* * * LOW HITPOINT WARNING * * *
The gnoll attacks as you move away! The gnoll hits you with a +0 club.
* * * LOW HITPOINT WARNING * * *
The kobold hits you with a +0 club.
* * * LOW HITPOINT WARNING * * *
Okay, then.
Okay, then.
Casting: Stone Arrow (dangerous; 9% risk of failure)
Confirm with . or Enter, or press ? or * to list all spells.
Aiming: Stone Arrow (dangerous; 9% risk of failure)
Press: ? - help, Shift-Dir - straight line, f - kobold, p - gnoll
Aim: a kobold, wielding a +0 club (60% to hit)
The stone arrow hits the gnoll!
You kill the gnoll!
The kobold hits you but does no damage.
Casting: Stone Arrow (dangerous; 9% risk of failure)
Confirm with . or Enter, or press ? or * to list all spells.
Aiming: Stone Arrow (dangerous; 9% risk of failure)
Press: ? - help, Shift-Dir - straight line, f - gnoll, p - kobold
Aim: a gnoll, wielding a +0 spear (almost dead, 72% to hit)
The stone arrow hits the kobold!!
You kill the kobold!
The gnoll misses you. The kobold hits you with a +0 club.
* * * LOW HITPOINT WARNING * * *
Casting: Stone Arrow (dangerous; 9% risk of failure)
Confirm with . or Enter, or press ? or * to list all spells.
Aiming: Stone Arrow (dangerous; 9% risk of failure)
Press: ? - help, Shift-Dir - straight line, f/p - gnoll
Aim: a gnoll, wielding a +0 spear (almost dead, 72% to hit)
The stone arrow hits the gnoll!!
You kill the gnoll!
The kobold hits you with a +0 club.
You die...

~~~~≈~~~~~~~~~~~~~≈~~~≈
≈≈≈≈≈≈~≈≈≈≈≈≈≈≈≈≈≈≈≈≈≈≈
≈≈≈#####≈≈≈≈≈≈≈≈≈≈≈≈≈≈≈
≈≈≈#...################
#.).#..............#
#...#..............+
##)##(..)..........#
#).)...########....
#.@..).# #.... #)K....#
#####....
#)##..............#
...#..............)
#...#..............#
#...################
#####


You could see a kobold.

Vanquished Creatures
  An ogre (D:3)
  9 gnolls (D:3)
  5 adders
  A dart slug (D:1)
  2 worms (D:2)
  An orc (D:3)
  6 ball pythons
  4 endoplasms
  2 giant cockroaches
  16 goblins
  10 hobgoblins
  4 jackals (D:1)
  16 kobolds
  4 quokkas
  2 bats
  3 frilled lizards
  9 rats
95 creatures vanquished.

Notes
Turn   | Place    | Note
-------+----------+-------------------------------------------
     0 | D:1      | wingedge the Demigod Earth Elementalist began the quest for
                  | the Orb.
     0 | D:1      | Reached XP level 1. HP: 14/14 MP: 5/5
   227 | D:1      | Found Ruahosuu's Book Boutique.
   230 | D:1      | Reached XP level 2. HP: 22/22 MP: 4/7
   697 | D:1      | Reached skill level 1 in Fighting
   739 | D:1      | Reached XP level 3. HP: 28/28 MP: 5/8
   743 | D:1      | Learned a level 3 spell: Stone Arrow
   860 | D:1      | Reached skill level 1 in Conjurations
  1315 | D:2      | Found Toisyaco's Jewellery Shoppe.
  1502 | D:2      | Reached XP level 4. HP: 35/35 MP: 7/9
  2188 | D:3      | Noticed an ogre
  2288 | D:3      | Killed an ogre
  2289 | D:3      | Reached XP level 5. HP: 40/40 MP: 0/10
  2695 | D:3      | Found a runed translucent door.
  2695 | D:3      | Noticed safid's ghost (weakling MfIE)
  3035 | D:3      | HP: 2/40 [kobold/+0 club (2)]
  3036 | D:3      | Slain by a kobold

Illustrated notes

Levels and vault maps discovered:
D:1:      onia_arrival_mini_maze, layout_basic, serial_shops, shop,
          shapermc_ecumenical_altar_mp_highgroup, minmay_pentomino_r2
D:2:      layout_loops_ring, serial_shops, shop, serial_rivers,
          chequers_serial_rivers_large_b, chequers_serial_rivers_marsh,
          chequers_serial_rivers_marsh, chequers_serial_rivers_large_a,
          chequers_serial_rivers_room_a, minmay_pentomino_pile
D:3:      minmay_goblin_kobold_castle, layout_loops_ring, lemuel_doored_altar,
          ebering_ghost_inner_flame, minmay_ogre_servants

Skill      XL: |  1  2  3  4  5 |
---------------+----------------+-----
Stealth        | 2 |  2.0
Dodging        | 2 |  2.0
Spellcasting   | 2 |  2.1
Earth Magic    | 3 4 |  4.0
Fighting       | 1 |  1.2
Conjurations   | 1 3 4 |  4.0
Transmutations | |  0.8

Action                     |  1- 3 |  4- 6 || total
---------------------------+-------+-------++-------
  Melee: Dagger            |     1 |       ||     1
         War axe           |       |     5 ||     5
         Hand axe          |       |     1 ||     1
         Spear             |       |    34 ||    34
  Throw: Dart              |       |     1 ||     1
   Cast: Sandblast         |    68 |    34 ||   102
         Stone Arrow       |       |    12 ||    12
    Use: Scroll            |       |     3 ||     3
   Stab: Sleeping          |       |     2 ||     2
         Distracted        |       |     1 ||     1
 Armour: Robe              |     2 |    11 ||    13
  Dodge: Dodged            |     8 |    45 ||    53
